 Dungeon Crawl Stone Soup version 0.28-a0-1447-ga5a8893891 (webtiles) character file.

Game seed: 16754004444064872935

1664 voltaire321 the Skirmisher (level 8, -3/67 HPs)
             Began as a Palentonga Fighter on Jan 11, 2022.
             Was a Follower of the Shining One.
             Slain by Joseph (6 damage)
             ... on level 7 of the Dungeon on Jan 12, 2022.
             The game lasted 00:19:31 (7585 turns).

voltaire321 the Skirmisher (Palentonga Fighter)     Turns: 7585, Time: 00:19:32

Health: -3/67      AC: 17    Str: 22    XL:     8   Next: 69%
Magic:  19/19      EV:  8    Int:  9    God:    the Shining One [*.....]
Gold:   257        SH:  4    Dex:  9    Spells: 7/7 levels left

rFire   + . .      SeeInvis +   a - +0 long sword
rCold   . . .      Faith    .   c - +0 buckler
rNeg    . . .      Spirit   .   b - +0 scale mail
rPois   .          Reflect  .   v - +0 helmet
rElec   .          Harm     .   o - +0 cloak
rCorr   .          Rampage  .   l - +0 pair of gloves
Will    .....                   (no barding)
Stlth   ..........              (no amulet)
HPRegen 0.21/turn               p - ring of magical power
MPRegen 0.16/turn               u - ring of protection from fire

@: glowing, curled up
A: large, rugged brown scales 3, see invisible, deformed body, roll 1, armoured
tail, reflexive curl
a: Rolling Charge, Renounce Religion, Divine Shield


You were on level 7 of the Dungeon.
You worshipped the Shining One.
The Shining One was aware of your devotion.
You visited 2 branches of the dungeon, and saw 8 of its levels.

You collected 257 gold pieces.

Inventory:

Hand Weapons
 a - a +0 long sword (weapon)
Armour
 b - a +0 scale mail (worn)
 c - a +0 buckler (worn)
 l - a +0 pair of gloves (worn)
 o - a +0 cloak (worn)
 v - a +0 helmet (worn)
Jewellery
 p - a ring of magical power (left hand)
 u - a ring of protection from fire (right hand)
 z - a ring of poison resistance
Wands
 w - a wand of charming (15)
Scrolls
 g - a scroll of enchant weapon {unknown}
 m - 3 scrolls of identify {unknown}
 n - 4 scrolls of teleportation
 q - 5 scrolls of brand weapon {unknown}
 y - a scroll of fog {unknown}
 A - a scroll of fear {unknown}
Potions
 d - 2 potions of might
 e - 3 potions of curing {unknown}
 f - 2 potions of flight {unknown}
 h - a potion of resistance {unknown}
 i - 2 potions of haste {unknown}
 j - 2 potions of brilliance {unknown}
 k - a potion of mutation {unknown}
 r - a potion of attraction {unknown}
 s - 3 potions of heal wounds {unknown}
 t - a potion of magic {unknown}
 x - a potion of lignification {unknown}


   Skills:
 + Level 5.6 Fighting
 + Level 5.1 Long Blades
 + Level 4.6 Armour
 + Level 3.6 Dodging
 + Level 4.5 Shields
 + Level 3.3 Invocations


You had 7 spell levels left.
You didn't know any spells.
Your spell library contained the following spells:

 Spells                   Type           Power      Damage    Failure   Level
 Freeze                   Ice            0%         1d3       77%         1
 Shock                    Conj/Air       0%         1d3       77%         1
 Blink                    Tloc           0%         N/A       88%         2
 Frozen Ramparts          Ice            0%         1d2       98%         3
 Lesser Beckoning         Tloc           0%         N/A       98%         3
 Swiftness                Air            0%         N/A       98%         3
 Airstrike                Air            0%         N/A       100%        4
 Hailstorm                Conj/Ice       0%         3d3       100%        4
 Freezing Cloud           Conj/Ice/Air   0%         6-21      100%        5
 Manifold Assault         Tloc           0%         N/A       100%        5
 Simulacrum               Ice/Necr       0%         N/A       100%        6
 Polar Vortex             Ice            0%         N/A       100%        9


Dungeon Overview and Level Annotations

Branches:
Dungeon (7/15)             Temple (1/1) D:5

Altars:
Ashenzari
Cheibriados
Dithmenos
Elyvilon
Fedhas
Gozag
Hepliaklqana
Nemelex Xobeh
Okawaru
Ru
Sif Muna
Trog
Uskayaw
Vehumet
Wu Jian
Xom
Yredelemnul
Zin
The Shining One

Shops:
D:7 *

Annotations:
D:3 Edmund
D:7 Joseph


Innate Abilities, Weirdness & Mutations

You are completely covered in rugged brown scales. (AC +3, +7% HP)
You have supernaturally acute eyesight. (SInv)
Armour fits poorly on your strangely shaped body.
You can roll at nearby foes to attack.
You have a long armoured tail.
You curl defensively after being hit. (AC +7*)


Message History

The shadow imp grinds its teeth.
Joseph unwields a +0 hunting sling.
Joseph wields a +0 quarterstaff.
Joseph hits you with a +0 quarterstaff!
You slash Joseph!
Joseph is lightly wounded.
You block Joseph's attack.
You hit Joseph.
Joseph is lightly wounded.
The shadow imp hits you but does no damage.
Joseph hits you with a +0 quarterstaff! The shadow imp gestures at you.
Pain shoots through your body!
You slash Joseph!
Joseph is moderately wounded.
Joseph hits you with a +0 quarterstaff.
* * * LOW HITPOINT WARNING * * *
The shadow imp hits you but does no damage.
A water moccasin comes into view.
The water moccasin hisses angrily.
You slash Joseph!
Joseph is heavily wounded.
Joseph says, "It's nothing personal, but I have to kill you."
Joseph barely misses you. The bullfrog hits you.
* * * LOW HITPOINT WARNING * * *
The shadow imp hits you but does no damage.
Joseph barely misses you.
You slash Joseph!
Joseph is severely wounded.
The bullfrog closely misses you. The shadow imp barely misses you.
The bullfrog hits you.
* * * LOW HITPOINT WARNING * * *
Joseph hits you with a +0 quarterstaff.
* * * LOW HITPOINT WARNING * * *
You hit Joseph but do no damage. You tail-slap Joseph!
Joseph is severely wounded.
The bullfrog hits you!
* * * LOW HITPOINT WARNING * * *
The shadow imp hits you but does no damage.
Joseph hits you with a +0 quarterstaff.
You die...

##.<.. ......#
#####
......##....#
#..........#
#####..........#
...............#
...............#
.......S.F@@...#
###...##5...#
##+###...# ....#
#....#...# ....#
#....'†..# ....#
.# #....#...#
...[# .+
#....#...# ....#
.# #....#...#
....#
.######.####.###


You could see Joseph, a water moccasin, a bullfrog and a shadow imp.

Vanquished Creatures
  A shadow (D:6)
  A steam dragon (D:7)
  Duvessa (D:4)
  A centaur (D:6)
  3 phantoms
  A bullfrog (D:7)
  2 scorpions
  A wyvern skeleton (D:6)
  Dowan (D:4)
  A centaur zombie (D:5)
  2 hounds
  A bullfrog zombie (D:6)
  A gnoll shaman (D:7)
  2 centaur skeletons
  A bullfrog skeleton (D:5)
  Jessica (D:2)
  3 iguanas
  5 orc wizards
  A hound skeleton (D:4)
  4 gnolls (D:7)
  7 adders
  4 white imps
  2 ufetubi
  3 dart slugs
  18 orcs
  4 endoplasms
  4 giant cockroaches
  5 goblins
  7 hobgoblins
  9 jackals
  7 kobolds
  6 quokkas
  8 ball pythons
  A bat (D:1)
  2 frilled lizards
  10 rats
131 creatures vanquished.

Notes
Turn   | Place    | Note
-------+----------+-------------------------------------------
     0 | D:1      | voltaire321 the Palentonga Fighter began the quest for the
                  | Orb.
     0 | D:1      | Reached XP level 1. HP: 19/19 MP: 1/1
    47 | D:1      | Reached XP level 2. HP: 25/25 MP: 2/2
   381 | D:1      | Reached XP level 3. HP: 22/31 MP: 3/3
   831 | D:2      | Noticed Jessica
   838 | D:2      | Reached skill level 1 in Dodging
   842 | D:2      | Killed Jessica
   843 | D:2      | Reached XP level 4. HP: 19/37 MP: 4/4
  2064 | D:3      | Reached XP level 5. HP: 32/44 MP: 5/5
  2821 | D:4      | Noticed Edmund
  3587 | D:4      | Reached XP level 6. HP: 51/51 MP: 6/6
  3655 | D:4      | Noticed Duvessa
  3655 | D:4      | Noticed Dowan
  3976 | D:4      | Killed Duvessa
  3985 | D:4      | Killed Dowan
  4243 | D:5      | Entered Level 5 of the Dungeon
  4326 | D:5      | Gained mutation: You curl defensively after being hit. (AC
                  | +7*) [Palentonga growth]
  4326 | D:5      | Reached XP level 7. HP: 41/58 MP: 7/7
  4501 | D:5      | Found a staircase to the Ecumenical Temple.
  4539 | Temple   | Entered the Ecumenical Temple
  4689 | Temple   | Became a worshipper of the Shining One
  5337 | D:5      | Reached skill level 1 in Invocations
  5669 | D:6      | Found a bloodstained altar of Trog.
  5963 | D:6      | Found an iron altar of Okawaru.
  6009 | D:6      | Reached skill level 5 in Fighting
  6020 | D:6      | Reached XP level 8. HP: 64/66 MP: 9/9
  6132 | D:6      | Reached * piety under the Shining One
  6315 | D:6      | Found a shimmering blue altar of Sif Muna.
  6840 | D:7      | Found Gozag's Platinum Reserve.
  6859 | D:7      | Found an opulent altar of Gozag.
  6963 | D:7      | Reached skill level 5 in Long Blades
  7577 | D:7      | Noticed Joseph
  7585 | D:7      | HP: 3/67 [bullfrog (7)]
  7585 | D:7      | Slain by Joseph

Illustrated notes

Levels and vault maps discovered:
D:1:      minmay_arrival_semitransparent, layout_rooms, minmay_ruptured
D:2:      layout_basic, uniq_jessica
D:3:      layout_loops_corners, item_on_display_a
D:4:      layout_rooms, uniq_edmund, uniq_duvessa
D:5:      layout_basic, temple_statues
D:6:      layout_loops_ring, mainiacjoe_overflow_chevrons,
          trog_three_pillars_becter, nicolae_overflow_crystal_walls,
          minivault_25, grunt_decor_junction
D:7:      layout_gridville, mainiacjoe_overflow_brackets,
          nicolae_gozag_zags_fifth_avenue, uniq_joseph
Temple:   regret_index_temple_waves

Skill      XL: |  1  2  3  4  5  6  7  8 |
---------------+-------------------------+-----
Dodging        | 1 2 3 |  3.6
Armour         | 3 4 |  4.6
Shields        | 3 4 |  4.5
Long Blades    | 3 4 5 |  5.1
Fighting       | 4 5 |  5.6
Invocations    | 2 3 |  3.3

Action                   |  1- 3 |  4- 6 |  7- 9 || total
-------------------------+-------+-------+-------++-------
Melee: Long sword        |    76 |   206 |   180 ||   462
       Tailslap          |    12 |    22 |    30 ||    64
 Abil: Rolling Charge    |    18 |    23 |    13 ||    54
  Use: Scroll            |     5 |       |       ||     5
       Potion            |       |     1 |       ||     1
Armor: Scale mail        |    48 |   128 |   170 ||   346
Dodge: Dodged            |    20 |    90 |   123 ||   233
Block: Buckler           |    10 |    40 |    70 ||   120

Table legend: (Time is in decaauts)
 A = Elapsed time spent in this place.
 B = Non-inter-level travel time spent in this place.
 C = Inter-level travel time spent in this place.
 D = Time resting spent in this place.
 E = Time spent auto-exploring this place.
 F = Levels seen in this place.
 G = Mean time per level.
                   A        B        C        D        E       F      G
               +--------+--------+--------+--------+--------+-----+--------+
         Total |   7711 |   7318 |    393 |   2000 |   3801 |   8 |  963.9 |
       Dungeon |   7542 |   7202 |    340 |   2000 |   3703 |   7 | 1077.4 |
        Temple |    169 |    116 |     53 |      0 |     98 |   1 |  169.0 |
               +--------+--------+--------+--------+--------+-----+--------+

Top non-repeatable levels by time:
     D:3: 1441 daAuts
     D:2: 1387 daAuts
     D:5: 1278 daAuts
     D:6: 974 daAuts
     D:7: 965 daAuts
     D:4: 808 daAuts
     D:1: 686 daAuts
  Temple: 169 daAuts
